 Dungeon Crawl Stone Soup version 0.30-a0-718-geaa24f58ff (webtiles) character file.

Game seed: 10820747810207235837

68 pokeman the Magician (level 4, 0/25 HPs)
             Began as a Deep Elf Hedge Wizard on Jan 25, 2023.
             Slain by an orc
             ... wielding a +0 flail
              (3 damage)
             ... on level 3 of the Dungeon.
             The game lasted 00:03:21 (2266 turns).

pokeman the Magician (Deep Elf Hedge Wizard)        Turns: 2266, Time: 00:03:22

Health: 0/25       AC:  5    Str:  7    XL:     4   Next: 1%
Magic:  0/13       EV: 12    Int: 21    God:
Gold:   72         SH:  0    Dex: 14    Spells: 6/14 levels left

rFire   . . .      SeeInvis .    a - +0 dagger
rCold   . . .      Faith    .    (no shield)
rNeg    . . .      Spirit   .    b - +0 robe
rPois   .          Reflect  .    h - +0 helmet
rElec   .          Harm     .    l - +0 cloak
rCorr   .          Rampage  .    m - +0 pair of gloves
Will    .....                    (no boots)
Stlth   ++                       (no amulet)
HPRegen 0.24/turn                (no ring)
MPRegen 0.13/turn                (no ring)

@: no status effects
A: no striking features
a: no special abilities


You were on level 3 of the Dungeon.
You visited 1 branch of the dungeon, and saw 3 of its levels.

You collected 72 gold pieces.

Inventory:

Hand Weapons
 a - a +0 dagger (weapon)
Armour
 b - a +0 robe (worn)
 h - a +0 helmet (worn)
 l - a +0 cloak (worn)
 m - a +0 pair of gloves (worn)
 o - a scarf of invisibility
Jewellery
 r - a ring of fire
Scrolls
 c - a scroll of immolation {unknown}
 e - a scroll of fog {unknown}
 f - a scroll of noise {unknown}
 g - 4 scrolls of identify {unknown}
 i - a scroll of poison {unknown}
 k - a scroll of acquirement {unknown}
 p - a scroll of magic mapping {unknown}
Potions
 d - 2 potions of magic
 j - a potion of ambrosia {unknown}
 n - a potion of invisibility {unknown}
 q - 2 potions of degeneration {unknown}
 s - a potion of curing {unknown}


   Skills:
 - Level 1.0 Fighting
 - Level 1.0 Armour
 + Level 2.6 Dodging
 + Level 2.5 Stealth
 * Level 5.5 Spellcasting
 + Level 2.1 Conjurations
 - Level 1.1 Summonings
 - Level 1.1 Translocations


You had 6 spell levels left.
You knew the following spells:

 Your Spells              Type           Power      Damage    Failure   Level
a - Magic Dart            Conj           56%        1d5       4%          1
b - Mephitic Cloud        Conj/Pois/Air  8%         N/A       24%         3
c - Call Imp              Summ           10%        N/A       10%         2
d - Blink                 Tloc           20%        N/A       10%         2

Your spell library contained the following spells:

 Spells                   Type           Power      Damage    Failure   Level
 Slow                     Hex            20%        N/A       11%         1
 Cigotuvi's Dreadful Rot  Necr/Pois/Air  10%        N/A       16%         2


Dungeon Overview and Level Annotations

Branches:
Dungeon (3/15)

Altars:

Shops:
D:1 *   D:2 [


Message History

Casting: Magic Dart (safe; 4% risk of failure)
Confirm with . or Enter, or press ? or * to list all spells.
You don't have enough magic to cast this spell.
Unknown command.
You closely miss the orc.
The orc is heavily wounded.
The orc hits you with a +0 flail.
* * * LOW HITPOINT WARNING * * *
You hit the orc but do no damage.
The orc is heavily wounded.
The orc misses you.
Casting: Magic Dart (safe; 4% risk of failure)
Confirm with . or Enter, or press ? or * to list all spells.
You don't have enough magic to cast this spell.
You hit the orc but do no damage.
The orc is heavily wounded.
The orc hits you with a +0 flail.
* * * LOW HITPOINT WARNING * * *
Casting: Magic Dart (safe; 4% risk of failure)
Confirm with . or Enter, or press ? or * to list all spells.
Aiming: Magic Dart (safe; 4% risk of failure)
Press: ? - help, Shift-Dir - straight line, f/p - orc
Aim: an orc, wielding a +0 flail and wearing a +3 ring mail (heavily wounded, 100% to hit)
The magic dart hits the orc but does no damage.
The orc is heavily wounded.
The orc closely misses you.
You hit the orc.
The orc is severely wounded.
The orc hits you with a +0 flail.
* * * LOW HITPOINT WARNING * * *
You hit the orc but do no damage.
The orc is severely wounded.
The orc closely misses you.
You hit the orc but do no damage. Your punch misses the orc.
The orc is severely wounded.
The orc misses you.
You barely miss the orc.
The orc is severely wounded.
The orc hits you with a +0 flail.
You die...

#######
#...@.#
#...o.#
#....<#
#....)#
#....)#
#.....#
#.....#
#>...)#
+.....+


You could see an orc.

Vanquished Creatures
  An adder (D:2)
  2 dart slugs (D:1)
  3 orcs (D:3)
  8 bats
  4 endoplasms
  2 giant cockroaches (D:2)
  7 goblins
  4 hobgoblins (D:1)
  2 jackals (D:1)
  4 kobolds
  A quokka (D:1)
  2 ball pythons (D:1)
  3 frilled lizards
  5 rats
48 creatures vanquished.

Notes
Turn   | Place    | Note
-------+----------+-------------------------------------------
     0 | D:1      | pokeman the Deep Elf Hedge Wizard began the quest for the
                  | Orb.
     0 | D:1      | Reached XP level 1. HP: 10/10 MP: 7/7
    87 | D:1      | Reached XP level 2. HP: 5/16 MP: 2/9
   498 | D:1      | Found Ifywawi's Assorted Antiques.
   574 | D:1      | Reached skill level 5 in Spellcasting
   723 | D:1      | Reached XP level 3. HP: 20/20 MP: 3/11
   727 | D:1      | Learned a level 3 spell: Mephitic Cloud
   730 | D:1      | Learned a level 2 spell: Call Imp
   733 | D:1      | Learned a level 2 spell: Blink
  1115 | D:1      | Found a faded altar of an unknown god.
  1511 | D:2      | Found Kylateja's Armour Emporium.
  1636 | D:2      | Reached skill level 1 in Armour
  1995 | D:2      | Reached skill level 1 in Fighting
  2038 | D:2      | Upgraded the game from 0.30-a0-715-gdb4ae3ece1 to
                  | 0.30-a0-718-geaa24f58ff
  2254 | D:3      | Reached XP level 4. HP: 25/25 MP: 3/13
  2266 | D:3      | Slain by an orc

Illustrated notes

Levels and vault maps discovered:
D:1:      co_arrival_square_in_a_square_in_a_square, layout_rooms,
          shapermc_ecumenical_altar_venn, serial_corexii_hall,
          chequers_hall_statues_wall_a, corexii_hall_statues_s, serial_shops,
          nicolae_diamond_shop, minmay_door_square, st_stairs_9
D:2:      layout_loops_ring, serial_shops, nicolae_shop_hallway_plus
D:3:      layout_basic, nicolae_uskayaw_dance_hall,
          nicolae_qazlal_scattered_showers, portal_sewer_entry_b, uniq_robin

Skill      XL: |  1  2  3 |
---------------+----------+-----
Spellcasting   | 5 |  5.5
Armour         | 1 |  1.0
Conjurations   | 2 |  2.1
Fighting       | 1 |  1.0
Dodging        | |  2.6
Stealth        | |  2.5
Summonings     | |  1.1
Translocations | |  1.1

Action                     |  1- 3 |  4- 6 || total
---------------------------+-------+-------++-------
  Melee: Dagger            |    34 |     7 ||    41
   Cast: Magic Dart        |   116 |     4 ||   120
   Stab: Sleeping          |     1 |       ||     1
 Armour: Robe              |    20 |       ||    20
  Dodge: Dodged            |    27 |     5 ||    32

Table legend: (Time is in decaauts)
 A = Elapsed time spent in this place.
 B = Non-inter-level travel time spent in this place.
 C = Inter-level travel time spent in this place.
 D = Time resting spent in this place.
 E = Time spent auto-exploring this place.
 F = Levels seen in this place.
 G = Mean time per level.
                   A        B        C        D        E       F      G
               +--------+--------+--------+--------+--------+-----+--------+
         Total |   2265 |   2217 |     48 |     45 |   1864 |   3 |  755.0 |
       Dungeon |   2265 |   2217 |     48 |     45 |   1864 |   3 |  755.0 |
               +--------+--------+--------+--------+--------+-----+--------+

Top non-repeatable levels by time:
     D:1: 1206 daAuts
     D:2: 1037 daAuts
     D:3: 21 daAuts
